 Dungeon Crawl Stone Soup version 0.26.1-2-gb8aa6d0 (webtiles) character file.

Game seed: 15477690062111559484

3482 AmazingTV the Fighter (level 9, -5/83 HPs)
             Began as a Minotaur Fighter on July 20, 2021.
             Slain by an orc warrior
             ... wielding a +0 mace
              (14 damage)
             ... on level 7 of the Dungeon.
             The game lasted 00:24:58 (8151 turns).

AmazingTV the Fighter (Minotaur Fighter)            Turns: 8151, Time: 00:24:59

Health: -5/83      AC: 18    Str: 22    XL:     9   Next: 79%
Magic:  0/8        EV:  8    Int: 14    God:
Gold:   405        SH: 11    Dex: 11    Spells: 8/8 levels left

rFire    + . .     SeeInvis .   y - +1 hand axe of Responsibility {freeze, Int+4} (curse)
rCold    . . .     Faith    .   c - +0 kite shield
rNeg     . . .     Spirit   +   H - +5 scale mail "Xoaphom" {Int+4}
rPois    .         Reflect  .   (helmet restricted)
rElec    .         Harm     .   (no cloak)
rCorr    .         Rampage  .   r - +0 pair of gloves
Will     .....                  s - +2 pair of boots
Stlth    ..........             F - amulet of guardian spirit
HPRegen  0.23/turn              O - ring of protection from fire
MPRegen  0.11/turn              (no ring)

@: no status effects
A: retaliatory headbutt, horns 2
a: no special abilities


You were on level 7 of the Dungeon.
You visited 1 branch of the dungeon, and saw 8 of its levels.

You collected 405 gold pieces.

Inventory:

Hand Weapons
 a - a +0 war axe
 b - a +3 vorpal mace
 x - a +3 flail
 y - the cursed +1 hand axe of Responsibility (weapon) {freeze, Int+4}
   (You found it on level 4 of the Dungeon)

   It has been specially enchanted to freeze those struck by it, causing extra
   injury to most foes and up to half again as much damage against particularly
   susceptible opponents.
   It can also slow down cold-blooded creatures.
   It affects your intelligence (+4).
   It has a curse placed upon it.
 B - a +2 arbalest of flaming
 N - the cursed +0 dagger of Nanivvan {vorpal, rElec Str+7 Int-2, unknown}
   (You found it on level 7 of the Dungeon)

   It inflicts extra damage upon your enemies.
   It affects your strength (+7).
   It affects your intelligence (-2).
   It insulates you from electricity.
   It has a curse placed upon it.
Missiles
 e - 82 bolts
 L - 12 poisoned darts (quivered)
Armour
 c - a +0 kite shield (worn)
 r - a +0 pair of gloves (worn)
 s - a +2 pair of boots (worn)
 v - a +3 ring mail of poison resistance
 w - a +0 scale mail
 H - the +5 scale mail "Xoaphom" (worn) {Int+4}
   (You found it on level 5 of the Dungeon)

   It affects your intelligence (+4).
Jewellery
 d - an uncursed amulet of faith
 f - an uncursed amulet of magic regeneration
 F - an amulet of guardian spirit (around neck)
 O - a ring of protection from fire (left hand)
Wands
 i - a wand of disintegration (17)
 u - a wand of enslavement (12)
 G - a wand of polymorph (11)
 I - a wand of random effects (17)
Scrolls
 h - 7 scrolls of remove curse {unknown}
 k - 2 scrolls of teleportation {unknown}
 n - 2 scrolls of magic mapping {unknown}
 o - 8 scrolls of identify {unknown}
 A - 2 scrolls of enchant armour {unknown}
 D - a scroll of random uselessness {unknown}
 E - 2 scrolls of fear {unknown}
 J - a scroll of amnesia {unknown}
 K - a scroll of torment {unknown}
Potions
 j - 2 potions of ambrosia
 l - a potion of curing
 m - a potion of cancellation {unknown}
 p - a potion of heal wounds
 q - 2 potions of mutation {unknown}
 t - a potion of lignification {unknown}
 z - a potion of haste {unknown}
 C - a potion of invisibility {unknown}
 M - a potion of resistance {unknown}


   Skills:
 + Level 9.2 Fighting
 + Level 8.8 Axes
 + Level 9.2 Armour
 + Level 9.2 Shields


You had 8 spell levels left.
You didn't know any spells.
Your spell library contained the following spells:

 Spells                   Type           Power        Failure   Level
 Animate Skeleton         Necr           0%           80%         1
 Beastly Appendage        Tmut           0%           80%         1
 Pain                     Necr           0%           80%         1
 Wereblood                Tmut           0%           91%         2
 Spider Form              Tmut/Pois      0%           99%         3
 Vampiric Draining        Necr           0%           99%         3
 Animate Dead             Necr           0%           100%        4
 Ice Form                 Ice/Tmut       0%           100%        4
 Agony                    Necr           0%           100%        5
 Blade Hands              Tmut           0%           100%        5


Dungeon Overview and Level Annotations

Branches:
Dungeon (8/15)             Temple (0/1) D:7
   Lair: D:8-11

Altars:
Ashenzari
Cheibriados
Elyvilon
Sif Muna
Trog
The Shining One

Shops:
D:7 [

Annotations:
D:2 CopperMask's ghost, amateur MiFi


Innate Abilities, Weirdness & Mutations

You reflexively headbutt those who attack you in melee.
You have a pair of horns on your head.


Message History

You feel much better.
The bullfrog zombie hits you but does no damage.
The orc warrior hits you with a +0 mace.
* * * LOW HITPOINT WARNING * * *
The bullfrog zombie barely misses you.
You hit the bullfrog zombie but do no damage.
The bullfrog zombie is almost destroyed.
You closely miss the orc warrior. The bullfrog zombie barely misses you.
The orc warrior hits you with a +0 mace!
* * * LOW HITPOINT WARNING * * *
You slash the bullfrog zombie!
You destroy the bullfrog zombie!
You hit the orc warrior but do no damage.
You barely miss the orc warrior.
The orc warrior is heavily wounded.
You block the orc warrior's attack.
You hit the orc warrior but do no damage.
The orc warrior is heavily wounded.
The orc warrior hits you with a +0 mace!
You die...

...####..................# #.....
......#..................###.....
......#..........................
......#.......................###
......#........###........#######
......#.....)....##########≈≈≈≈≈≈
......#..........# ##≈≈≈...≈
................)# ##≈≈≈.≈.≈.
...........#...o@# ##≈≈≈...≈..
...........#....†# ##≈≈≈.≈.≈.≈.
...........#.....#####≈≈≈...≈.≈.≈
...........#........#≈≈≈.≈.≈.≈.≈.
..........##........#≈≈...≈...≈..
..........####......'..≈.≈.≈.≈.≈.
..........# #......'...≈.≈.≈.≈.≈
..........# #####..'..≈.≈.≈.≈.≈.
.....(....#### #..#≈≈...≈...≈..


You could see an orc warrior.

Vanquished Creatures
  Grinder (D:5)
  2 water moccasins
  A black bear (D:7)
  A sky beast (D:7)
  2 ice beasts (D:7)
  2 ogres
  3 centaurs
  3 bullfrogs
  Blork the orc (D:5)
  3 scorpions
  19 killer bees
  4 electric eels (D:7)
  A howler monkey (D:5)
  2 bullfrog zombies
  2 bullfrog skeletons
  2 jellies
  3 orc priests
  3 hounds
  Jessica (D:2)
  Ijyb (D:3)
  3 worker ants
  A hound skeleton (D:5)
  2 howler monkey zombies
  A worker ant zombie (D:3)
  13 adders
  10 gnolls
  A shadow imp (D:5)
  A white imp (D:6)
  2 ufetubi
  An ooze (D:2)
  2 adder skeletons
  4 dart slugs
  5 leopard geckos
  20 orcs
  8 bats
  5 giant cockroaches
  4 goblins
  7 hobgoblins
  2 jackals (D:5)
  7 frilled lizards
  A jackal skeleton (D:7)
  7 kobolds
  A quokka skeleton (D:3)
  10 rats
175 creatures vanquished.

Vanquished Creatures (others)
  A quokka (D:2)
  A leopard gecko zombie (D:7)
2 creatures vanquished.

Grand Total: 177 creatures vanquished

Notes
Turn   | Place    | Note
-------+----------+-------------------------------------------
     0 | D:1      | AmazingTV the Minotaur Fighter began the quest for the Orb.
     0 | D:1      | Reached XP level 1. HP: 19/19 MP: 0/0
   128 | D:1      | Reached XP level 2. HP: 27/27 MP: 1/1
   201 | D:1      | You fall into a shaft and drop 1 floor!
   212 | D:2      | Reached XP level 3. HP: 31/33 MP: 2/2
   264 | D:2      | Noticed Jessica
   268 | D:2      | Killed Jessica
   269 | D:2      | Reached XP level 4. HP: 41/41 MP: 3/3
   455 | D:2      | Found a white marble altar of Elyvilon.
   481 | D:2      | Found a broken altar of Ashenzari.
   873 | D:2      | Reached XP level 5. HP: 47/47 MP: 4/4
  1263 | D:3      | Found a runed translucent door.
  1264 | D:3      | Noticed CopperMask's ghost (amateur MiFi)
  2434 | D:3      | Found a glowing golden altar of the Shining One.
  2452 | D:3      | Noticed Ijyb
  2470 | D:3      | Killed Ijyb
  2471 | D:3      | Reached skill level 5 in Fighting
  2565 | D:3      | Reached skill level 5 in Armour
  2608 | D:3      | Reached skill level 5 in Shields
  2631 | D:3      | Found a shimmering blue altar of Sif Muna.
  2843 | D:3      | Reached XP level 6. HP: 56/56 MP: 5/5
  3058 | D:4      | Got a slimy hand axe
  3059 | D:4      | Identified the cursed +1 hand axe of Responsibility
                  | {freeze, Int+4} (You found it on level 4 of the Dungeon)
  3556 | D:4      | Reached skill level 5 in Axes
  3556 | D:4      | Reached XP level 7. HP: 60/62 MP: 6/6
  3760 | D:5      | Entered Level 5 of the Dungeon
  3870 | D:5      | HP: 3/62 [orc priest/divine providence (11)]
  4247 | D:5      | Found a snail-covered altar of Cheibriados.
  4826 | D:5      | Got a fading scale mail
  4837 | D:5      | Identified the +5 scale mail "Xoaphom" {Int+4} (You found
                  | it on level 5 of the Dungeon)
  4897 | D:5      | Noticed Blork the orc
  4911 | D:5      | Killed Blork the orc
  5181 | D:5      | Noticed Grinder
  5192 | D:5      | Killed Grinder
  5193 | D:5      | Reached XP level 8. HP: 57/71 MP: 4/7
  6630 | D:7      | Reached XP level 9. HP: 63/81 MP: 8/8
  6951 | D:7      | Got a bloodstained dagger
  7407 | D:7      | Found Emoatsuph's Armour Shop.
  7448 | D:7      | Found a staircase to the Ecumenical Temple.
  8021 | D:7      | Found a bloodstained altar of Trog.
  8146 | D:7      | HP: 4/83 [orc warrior/+0 mace (12)]
  8151 | D:7      | Slain by an orc warrior

Illustrated notes

Levels and vault maps discovered:
D:1:      psy_arrival_statuary, layout_basic, minmay_misc_feat_iff
D:2:      layout_loops_ring, old_standard_altar, elyvilon_altar_4, uniq_jessica
D:3:      layout_loops_ring, nicolae_overflow_hidden_temple,
          lemuel_crystal_altar, ebering_ghost_inner_flame, grunt_ministairs_8,
          uniq_ijyb
D:4:      layout_cave_pools, grunt_decor_mini_mirrors
D:5:      layout_layer_cave, old_standard_altar, uniq_blork_the_orc,
          uniq_grinder
D:6:      layout_cave_pods
D:7:      layout_basic, bloody_trog, minmay_temple_entry_large_hall,
          serial_shops, kennysheep_mini_moat, grunt_ministairs_5,
          kennysheep_cluttered_room
D:8:      layout_loops_ring, marbit_many_paths, lair_entry_dummy, serial_shops,
          shop, corner_web_ring, uniq_pikel

Skill      XL: |  1  2  3  4  5  6  7  8  9 |
---------------+----------------------------+-----
Fighting       | 4 5 6 7 9 |  9.2
Armour         | 4 5 6 7 9 |  9.2
Shields        | 4 5 6 7 9 |  9.2
Axes           | 3 4 5 6 7 8 |  8.8

Action                   |  1- 3 |  4- 6 |  7- 9 || total
-------------------------+-------+-------+-------++-------
Melee: War axe           |    30 |   116 |       ||   146
       Headbutt          |     5 |    37 |    58 ||   100
       Mace              |       |    30 |       ||    30
       Hand axe          |       |    31 |   306 ||   337
       Unarmed           |       |       |     3 ||     3
  Use: Potion            |       |     1 |     9 ||    10
 Stab: Confused          |       |       |     1 ||     1
Armor: Scale mail        |    14 |    42 |   154 ||   210
       Ring mail         |       |    25 |    31 ||    56
       Skin              |       |       |     4 ||     4
Dodge: Dodged            |    10 |    48 |   131 ||   189
Block: Kite shield       |    10 |    76 |   197 ||   283
